Map: Disco Bloodbath LE

Players

Mez

  • Race: Terran Terran
  • League: Master
  • Spawn Location: 3:00

A.I. 1 (Very Easy) - Winner!

  • Race: Terran Terran
  • Spawn Location: 9:00

VOD

Have the link to the VOD?

Description

Time

  • Played on: Aug. 26, 2019, 9:06 p.m.
  • Length: 3:28
Show
View Real Time Build Order
Export as new Build Order

Mez Terran 

Build Orders:  

Get SALT Encoding   

  12  0:01  SCV  
  13  0:13  SCV  
  14  0:18  Supply Depot  
  14  0:25  SCV  
  15  0:28  Refinery  
  15  0:40  SCV  
  16  0:45  Barracks  
  16  0:52  SCV  
  17  1:04  SCV  
  19  1:18  SCV  
  20  1:33  Reaper  
  20  1:34  Orbital Command  
  20  1:42  Supply Depot  
  20  1:50  Bunker  
  20  2:01  Supply Depot  
  20  2:02  SCV, Supply Depot  
  20  2:06  Factory  
  20  2:07  Marine  
  22  2:14  SCV  
  23  2:31  Marine  
  23  2:35  SCV  
  25  2:39  Refinery  
  25  2:48  SCV  
  26  2:51  Factory Tech Lab, Command Center  
  26  2:55  Barracks Reactor  
  26  3:04  Starport  
  26  3:06  SCV  
Show
View Real Time Build Order
Export as new Build Order

A.I. 1 (Very Easy) Terran - Winner!

Build Orders:  

Get SALT Encoding   

  12  0:00  SCV  
  13  0:13  SCV  
  14  0:19  Supply Depot  
  14  0:37  Refinery  
  14  0:43  Barracks  
  14  1:02  Supply Depot  
  14  1:11  Refinery  
  14  1:29  Marine, Orbital Command  
  15  1:48  Barracks Tech Lab  
  15  1:55  SCV  
  16  2:07  SCV  
  17  2:12  Marine  
  18  2:19  SCV  
  19  2:31  SCV  
  20  2:43  SCV  
  21  2:55  Marauder  
  21  2:56  SCV  
Tags
 
League
Master
Matchup
TvT
Race
Terran
Replay Pack
Spawningtool_Mez
Spawn Locations
Cross Positions
Add a new tag
Caveats
  • Supply blocks, unpowered buildings, or Contaminate may cause inaccurate times.
  • Supply counts are checked every 10 seconds.